 Dungeon Crawl Stone Soup version 0.26-a0-1033-gd598b01645 (webtiles) character file.

Game seed: 5876009059245402446

30 PentaManta the Bolt Thrower (level 3, 0/21 HPs)
             Began as a Kobold Hunter on Dec 10, 2020.
             Slain by a jackal (2 damage)
             ... on level 2 of the Dungeon.
             The game lasted 00:01:03 (379 turns).

PentaManta the Bolt Thrower (Kobold Hunter)          Turns: 379, Time: 00:01:04

Health: 0/21       AC:  3    Str: 10    XL:     3   Next: 37%
Magic:  3/3        EV: 14    Int: 12    God:
Gold:   22         SH:  0    Dex: 15    Spells: 2/2 levels left

rFire    . . .     SeeInvis .   e - +0 dagger
rCold    . . .     Faith    .   (shield restricted)
rNeg     . . .     Spirit   .   c - +0 leather armour
rPois    .         Reflect  .   (no helmet)
rElec    .         Harm     .   (no cloak)
rCorr    .         Rampage  .   (no gloves)
Will     .....                  (no boots)
Stlth    +++.......             (no amulet)
HPRegen  0.07/turn              (no ring)
MPRegen  0.08/turn              (no ring)

@: no status effects
A: small, nightstalker 3
a: no special abilities


You were on level 2 of the Dungeon.
You visited 1 branch of the dungeon, and saw 2 of its levels.

You collected 22 gold pieces.

Inventory:

Hand Weapons
 a - a +1 hand crossbow
 b - a +0 short sword
 e - a +0 dagger (weapon)
Missiles
 d - 20 bolts
Armour
 c - a +0 leather armour (worn)


   Skills:
 - Level 2.1 Fighting
 + Level 6.1 Crossbows
 - Level 2.4 Dodging
 - Level 1.3 Stealth


You had 2 spell levels left.
You didn't know any spells.
Your spell library was empty.

Dungeon Overview and Level Annotations

Branches:
Dungeon (1/15)

Altars:
The Shining One


Innate Abilities, Weirdness & Mutations

You are small and have problems with some larger weapons.
You are completely attuned to the shadows.


Message History

The jackal bites you.
* * * LOW HITPOINT WARNING * * *
The jackal bites you but does no damage.
The rat barely misses you. The jackal closely misses you. The rat misses you.
The jackal misses you. The rat closely misses you. The jackal bites you.
* * * LOW HITPOINT WARNING * * *
The jackal bites you but does no damage.
The rat bites you.
* * * LOW HITPOINT WARNING * * *
The jackal barely misses you. The rat barely misses you. The jackal misses you.
The jackal bites you but does no damage.
The rat barely misses you.
The jackal bites you but does no damage.
The rat closely misses you. The jackal misses you.
The rat bites you but does no damage. The jackal bites you.
You die...

..#...
#....## #
#.....#
#r###.....#
#hh@r.....#
#####^....#
..P.♣♣.
##(....#
.....
......##
.... ####.##
(♣♣.♣♣ #.#
...†.♣♣♣♣♣♣
#.#
P♣♣.).....♣
#.#
...♣♣...P♣♣#
#.#


You could see a quokka, 2 jackals and a rat.

Vanquished Creatures
  Terence (D:2)
  A bat (D:2)
  A goblin (D:1)
  A kobold (D:1)
  A quokka (D:2)
5 creatures vanquished.

Vanquished Creatures (others)
  8 plants (D:2)
8 creatures vanquished.

Grand Total: 13 creatures vanquished

Notes
Turn   | Place    | Note
-------+----------+-------------------------------------------
     0 | D:1      | PentaManta the Kobold Hunter began the quest for the Orb.
     0 | D:1      | Reached XP level 1. HP: 12/12 MP: 1/1
   101 | D:1      | Reached skill level 5 in Crossbows
   158 | D:1      | Found a glowing golden altar of the Shining One.
   197 | D:1      | You fall into a shaft and drop 1 floor!
   252 | D:2      | Noticed Terence
   271 | D:2      | Killed Terence
   272 | D:2      | Reached skill level 6 in Crossbows
   272 | D:2      | Reached XP level 2. HP: 15/17 MP: 2/2
   272 | D:2      | Reached XP level 3. HP: 19/21 MP: 3/3
   379 | D:2      | Slain by a jackal

Illustrated notes

Levels and vault maps discovered:
D:1:      lemuel_arrival_hallway, layout_basic, serial_park_tiny_1,
          grunt_decor_arrowhead, tso_metal_star
D:2:      wad_woods_tower, layout_loops_ring, uniq_robin, uniq_sigmund,
          uniq_terence

Skill      XL: |  1 |
---------------+----+-----
Crossbows      | 6 |  6.1
Fighting       | |  2.1
Dodging        | |  2.4
Stealth        | |  1.3

Action                   || total
-------------------------++-------
Melee: Short sword       ||     8
 Fire: Hand crossbow     ||    14
Armor: Leather armour    ||    21
Dodge: Dodged            ||    69

Table legend: (Time is in decaauts)
 A = Elapsed time spent in this place.
 B = Non-inter-level travel time spent in this place.
 C = Inter-level travel time spent in this place.
 D = Time resting spent in this place.
 E = Time spent auto-exploring this place.
 F = Levels seen in this place.
 G = Mean time per level.
                   A        B        C        D        E       F      G
               +--------+--------+--------+--------+--------+-----+--------+
         Total |    380 |    380 |      0 |      0 |    277 |   2 |  190.0 |
       Dungeon |    380 |    380 |      0 |      0 |    277 |   2 |  190.0 |
               +--------+--------+--------+--------+--------+-----+--------+

Top non-repeatable levels by time:
     D:1: 198 daAuts
     D:2: 182 daAuts
